 Dungeon Crawl Stone Soup version 0.23.2-1-ga50397a (webtiles) character file.

Game seed: 12352581738664596740

53 myga the Magician (level 3, -1/24 HPs)
             Began as a Mummy Ice Elementalist on May 19, 2019.
             Slain by Terence
             ... wielding a +6 flail of holy wrath
              (6 damage)
             ... on level 2 of the Dungeon.
             The game lasted 00:06:51 (1168 turns).

myga the Magician (Mummy Ice Elementalist)          Turns: 1168, Time: 00:06:52

Health: -1/24      AC:  2    Str: 11    XL:     3   Next: 64%
Magic:  2/8        EV: 16    Int: 14    God:
Gold:   81         SH:  0    Dex: 13    Spells: 3/9 levels left

rFire    x . .     SeeInvis .   c - +0 rapier
rCold    + . .     Gourm    .   (no shield)
rNeg     + + +     Faith    .   a - +0 robe
rPois    ∞         Spirit   .   (no helmet)
rElec    .         Reflect  .   (no cloak)
rCorr    .         Harm     .   (no gloves)
MR       .....                  (no boots)
Stlth    ++........             (no amulet)
HPRegen  0.08/turn              f - +4 ring of evasion
MPRegen  0.11/turn              (no ring)

@: very slightly contaminated
A: no food or potions, fire vulnerability, cold resistance 1, negative energy
resistance 3, torment resistance, unbreathing
a: no special abilities


You were on level 2 of the Dungeon.
You were not hungry.

You visited 1 branch of the dungeon, and saw 2 of its levels.

You collected 81 gold pieces.

Inventory:

Hand Weapons
 c - a +0 rapier (weapon)
 d - a +0 dagger
Missiles
 e - 18 arrows
Armour
 a - a +0 robe (worn)
Jewellery
 f - a +4 ring of evasion (left hand)
Scrolls
 b - a scroll of immolation {unknown}
 g - 3 scrolls of teleportation
 h - 2 scrolls of identify {unknown}


   Skills:
 + Level 0.1 Short Blades
 + Level 1.8 Dodging
 + Level 1.7 Stealth
 + Level 3.7 Spellcasting
 + Level 0.7 Conjurations
 + Level 3.1 Ice Magic


You had 3 spell levels left.
You knew the following spells:

 Your Spells              Type           Power        Failure   Level  Hunger
a - Freeze                Ice            ##..         5%          1    N/A
b - Throw Frost           Conj/Ice       #.....       14%         2    N/A
c - Ozocubu's Armour      Chrm/Ice       #.......     32%         3    N/A

Your spell library contained the following spells:

 Spells                   Type           Power        Failure   Level  Hunger
 Throw Icicle             Conj/Ice       #.......     65%         4    N/A
 Summon Ice Beast         Ice/Summ       #.......     71%         4    N/A

Dungeon Overview and Level Annotations

Branches:
Dungeon (2/15)

Altars:

Annotations:
D:2 Terence


Innate Abilities, Weirdness & Mutations

You do not eat or drink.
Your flesh is vulnerable to fire.
You are immune to poison.
Your flesh is cold resistant. (rC+)
You are immune to negative energy. (rN+++)
You are immune to unholy pain and torment.
You can survive without breathing.


Message History

Press: ? - help, v - describe, . - travel The floor.
Your movement speed is average.
Your attack speed is below average.
Unknown command.
You see here a rat corpse.
There is a stone staircase leading down here.
Casting: Freeze (safe; 5% risk of failure)
Confirm with . or Enter, or press ? or * to list all spells.
Okay, then.
Casting: Freeze (safe; 5% risk of failure)
Confirm with . or Enter, or press ? or * to list all spells.
Aiming: Throw Frost (safe; 14% risk of failure)
Press: ? - help, Shift-Dir - straight line, f/p - Terence
Aim: Terence, wielding a +6 flail of holy wrath and wearing a +0 scale mail (moderately wounded)
You miscast Throw Frost.
You are very lightly contaminated with residual magic.
You feel a strange surge of energy!
Terence asks, "Do you want it fast or slow?"
Terence hits you with a +6 flail of holy wrath.
You die...

# ###.....#
#.....# #.....#
#.....# ###'###
#####.# #.....#
###########.#####
#.@..#......#
#@##.#.######
#####.#....#
#.....######
###>##########
#....†.†......
#.#.#########.
#.#.. # ###


You could see Terence.

Vanquished Creatures
  An adder (D:2)
  An ooze (D:1)
  A dart slug (D:1)
  2 leopard geckos (D:1)
  A giant cockroach (D:1)
  7 goblins
  4 hobgoblins (D:1)
  2 jackals (D:1)
  5 kobolds (D:1)
  3 bats
  2 frilled lizards (D:1)
  4 rats
33 creatures vanquished.

Notes
Turn   | Place    | Note
-------+----------+-------------------------------------------
     0 | D:1      | myga the Mummy Ice Elementalist began the quest for the
                  | Orb.
     0 | D:1      | Reached XP level 1. HP: 13/13 MP: 4/4
   151 | D:1      | Reached XP level 2. HP: 17/19 MP: 2/5
   452 | D:1      | Learned a level 2 spell: Throw Frost
   583 | D:1      | Reached XP level 3. HP: 14/24 MP: 0/8
   654 | D:1      | Learned a level 3 spell: Ozocubu's Armour
  1149 | D:2      | Noticed Terence
  1168 | D:2      | Slain by Terence

Skill      XL: |  1  2  3 |
---------------+----------+-----
Spellcasting   | 3 |  3.7
Ice Magic      | 3 |  3.1
Short Blades   | |  0.1
Dodging        | |  1.8
Stealth        | |  1.7
Conjurations   | |  0.7

Action                   || total
-------------------------++-------
Melee: Short sword       ||     9
       Rapier            ||     2
Throw: Stone             ||    15
 Cast: Freeze            ||    50
  Use: Scroll            ||     1
 Stab: Sleeping          ||     2
Armor: Robe              ||     7
Dodge: Dodged            ||    36
